 Dungeon Crawl Stone Soup version 0.16-a0-3807-g3748f16 (webtiles) character file.

15 TIT the Chucker (level 2, -1/16 HPs)
             Began as a Tengu Arcane Marksman on Jan 27, 2015.
             Slain by a goblin
             ... wielding a +0 club
              (5 damage)
             ... on level 1 of the Dungeon.
             The game lasted 00:02:21 (537 turns).

TIT the Chucker (Tengu Arcane Marksman)              Turns: 537, Time: 00:02:22

Health: -1/16      AC:  2    Str: 11    XL:     2   Next: 50%
Magic:  3/4        EV: 12    Int: 13    God:
Gold:   27         SH:  0    Dex: 13    Spells: 1 memorised, 2 levels left

rFire  . . .     SeeInvis .     a - +0 short sword
rCold  . . .     Clarity  .     o - +0 robe
rNeg   . . .     SustAb   .     (no shield)
rPois  .         Gourm    .     (helmet restricted)
rElec  .         Spirit   .     (no cloak)
rCorr  .         Warding  .     (no gloves)
rMut   .         Stasis   .     (boots unavailable)
MR     .....                    (no amulet)
Stlth  +.........               (no ring)
                                (no ring)

@: not resistant to hostile enchantments, very unstealthy
A: beak, talons 3
a: no special abilities


You were on level 1 of the Dungeon.
You were not hungry.

You visited 1 branch of the dungeon, and saw 1 of its levels.

You collected 27 gold pieces.

Inventory:

Hand weapons
 a - a +0 short sword (weapon)
 j - a +0 club
 p - a +0 whip
Missiles
 n - 7 stones (quivered)
Armour
 m - a +0 ring mail
 o - a +0 robe (worn)
Scrolls
 e - a scroll of fear {unknown}
 g - a scroll of recharging {unknown}
 k - 3 scrolls of teleportation {unknown}
 l - a scroll of blinking {unknown}
 s - a scroll of identify {unknown}
 t - a scroll of enchant weapon {unknown}
Potions
 h - a potion of degeneration {unknown}
 r - 2 potions of cure mutation {unknown}
Books
 d - a book of Debilitation

   Spells                             Type                      Level
   a - Corona                         Hexes                        1
   b - Slow                           Hexes                        2
   c - Inner Flame                    Hexes/Fire                   3
   d - Enslavement                    Hexes                        4
   e - Cause Fear                     Hexes                        4
   f - Leda's Liquefaction            Hexes/Earth                  4
Comestibles
 f - a bread ration
 i - a meat ration
 q - 2 chunks of flesh


   Skills:
 - Level 1.0 Fighting
 + Level 3.3 Throwing
 - Level 2.1 Dodging
 - Level 1.0 Spellcasting
 - Level 2.1 Hexes


You had 2 spell levels left.
You knew the following spells:

 Your Spells              Type           Power        Failure   Level  Hunger
a - Corona                Hex            #......      14%         1    ##.....


Dungeon Overview and Level Annotations

Branches:
Dungeon (1/15)

Altars:


Innate Abilities, Weirdness & Mutations

You have a beak for a mouth.
You have claws for feet.


Message History

Aim: a goblin, wielding a club (almost dead)
You throw a throwing net.
The throwing net closely misses the goblin.
The goblin barely misses you.
Fire/throw which item? (* to show all) (? for menu, Esc to quit)
Press: ? - help, Shift-Dir - straight line, f/p - goblin
Aim: a goblin, wielding a club (almost dead)
You throw a throwing net.
The throwing net completely misses the goblin.
Casting: Corona
Confirm with . or Enter, or press ? or * to list all spells.
Aiming: Corona
Press: ? - help, Shift-Dir - straight line, f/p - goblin
Aim: a goblin, wielding a club (almost dead, chance 58%)
The goblin is outlined in light.
The goblin hits you but does no damage.
You hit the goblin but do no damage. Your kick misses the goblin.
Your peck misses the goblin.
The goblin is almost dead.
The goblin hits you with a club.
You die...

##.##..#.[# #.# #..##.#
# ##.##..#..# #.. ....
# . .......#..# #..
#.## # ##.##.##..# #.#.
..........#######+##...
###.#.##.............#
##........####.....#.#
###.#.##..# #.....# #
#.#.##..# #..@..# #
#...##..# #..g..#
####..##..# #.....#
......##..# #.....#
#####.##..# #.....# .
#.....# #.#.#.# #.#.#.#
#.#


You could see a goblin.

Vanquished Creatures
  2 giant cockroaches (D:1)
  A hobgoblin (D:1)
  3 bats (D:1)
  A giant newt (D:1)
  6 kobolds (D:1)
  3 rats (D:1)
16 creatures vanquished.

Notes
Turn   | Place    | Note
--------------------------------------------------------------
     0 | D:1      | TIT, the Tengu Arcane Marksman, began the quest for the Orb.
     0 | D:1      | Reached XP level 1. HP: 12/12 MP: 2/2
   275 | D:1      | Reached skill level 3 in Throwing
   275 | D:1      | Reached XP level 2. HP: 16/16 MP: 4/4
   537 | D:1      | Slain by a goblin

Action                   || total
-------------------------++-------
Melee: Unarmed           ||    16
       Club              ||    20
       Short sword       ||    13
Throw: Javelin           ||     9
       Stone             ||     2
       Throwing net      ||     2
 Cast: Corona            ||     7
 Stab: Sleeping          ||     1
